 Dungeon Crawl Stone Soup version 0.27-a0-637-g3a9f0a9c12 (webtiles) character file.

Game seed: 2651337362243091562

0 CypherZel the Skirmisher (level 1, -15/16 HPs)
             Began as a Palentonga Abyssal Knight on Mar 14, 2021.
             Was a Follower of Lugonu.
             Killed from afar by a wretched star (24 damage)
             ... with a lance of force
             ... on level 1 of the Abyss.
             The game lasted 00:00:37 (71 turns).

CypherZel the Skirmisher (Palentonga Abyssal Knight)  Turns: 71, Time: 00:00:38

Health: -15/16     AC:  4    Str: 15    XL:     1   Next: 0%
Magic:  2/2        EV:  9    Int: 12    God:    Lugonu [*.....]
Gold:   12         SH:  0    Dex:  9    Spells: 0/0 levels left

rFire    . . .     SeeInvis +   a - +1 falchion
rCold    . . .     Faith    .   (no shield)
rNeg     . . .     Spirit   .   b - +0 leather armour
rPois    .         Reflect  .   (no helmet)
rElec    .         Harm     .   (no cloak)
rCorr    .         Rampage  .   (no gloves)
Will     .....     Rnd*Rage +   (no barding)
Stlth    +.........             (no amulet)
HPRegen  0.00/turn              (no ring)
MPRegen  0.08/turn              (no ring)

@: no status effects
A: large, rugged brown scales 3, see invisible, deformed body, roll 1, armoured
tail, [berserk 2], [frail 2], [inhibited regeneration], [no potion heal 2],
[subdued magic 2]
a: Rolling Charge, Renounce Religion, Depart the Abyss


You were on level 1 of the Abyss.
You worshipped Lugonu.
Lugonu was aware of your devotion.
You visited 0 branches of the dungeon, and saw 0 of its levels.
You visited the Abyss 1 time.

You collected 12 gold pieces.

Inventory:

Hand Weapons
 a - a +1 falchion (weapon)
Armour
 b - a +0 leather armour (worn)


   Skills:
 + Level 3.0 Fighting
 + Level 2.0 Long Blades
 + Level 1.5 Armour
 + Level 0.7 Dodging
 + Level 2.0 Invocations


You couldn't memorise any spells.
You didn't know any spells.
Your spell library was empty.

Dungeon Overview and Level Annotations

Branches:
Dungeon (0/15)

Altars:


Innate Abilities, Weirdness & Mutations

You are completely covered in rugged brown scales. (AC +3, +7% HP)
You have supernaturally acute eyesight. (SInv)
Armour fits poorly on your strangely shaped body.
You can roll at nearby foes to attack.
You have a long armoured tail.
[You often lose your temper in combat.]
[You are very frail. (-20% HP)]
[You do not regenerate when monsters are visible.]
[Potions are poor at restoring your health.]
[Your spells are easier to cast, but less powerful.]


Message History

Welcome, CypherZel the Palentonga Abyssal Knight.
The bosom of this dungeon contains the transcendent artefact, the Orb of Zot.
Lugonu says: Depart the Abyss and spread corruption, my servant! (use the ability menu to exit the Abyss) Press ? for a list of commands and other information.
Found 12 gold pieces.
Found a corrupted altar of Lugonu.
You now have 12 gold pieces.
A lurking horror comes into view.
A wretched star comes into view.
The wretched star pulses with an eldritch light!
Your regeneration stops near monsters.
A small abomination comes into view.
The wretched star pulses with an eldritch light!
The wretched star pulses with an eldritch light!
You feel frail. x2
The wretched star pulses with an eldritch light!
Your system partially rejects the healing effects of potions.
Your system mostly rejects the healing effects of potions.
Your body is wracked with pain!
The wretched star pulses with an eldritch light!
You feel a little pissed off.
You feel angry.
Your connection to magic feels subdued.
Your connection to magic feels more subdued.
The wretched star glows turbulently.
The lance of force hits you!!
Ouch! That really hurt!
You die...

### #. ###.#
#... ##..##
##. .###..x@#
#....##.....#
#...#..*..##
# ...##.#.#.#
. ..#.#####..
.# .....# ...
.# ...#...#
....
##...######
..# ###ยงยง #
.#.


You could see a wretched star and a small abomination.

Vanquished Creatures (others)
  A lurking horror (Abyss:1)
1 creature vanquished.

Notes
Turn   | Place    | Note
-------+----------+-------------------------------------------
     0 | Abyss:1  | CypherZel the Palentonga Abyssal Knight began the quest for
                  | the Orb.
     0 | Abyss:1  | Reached XP level 1. HP: 20/20 MP: 2/2
    37 | Abyss:1  | Noticed a wretched star
    51 | Abyss:1  | Noticed a small abomination
    71 | Abyss:1  | Killed from afar by a wretched star

Illustrated notes

Levels and vault maps discovered:
Abyss:1:  base: Temple, eino_small_chamber_without_monster, base: Temple,
          hangedman_abyss_or_decor_lesser_grid, minivault_1

Table legend: (Time is in decaauts)
 A = Elapsed time spent in this place.
 B = Non-inter-level travel time spent in this place.
 C = Inter-level travel time spent in this place.
 D = Time resting spent in this place.
 E = Time spent auto-exploring this place.
 F = Levels seen in this place.
 G = Mean time per level.
                   A        B        C        D        E       F      G
               +--------+--------+--------+--------+--------+-----+--------+
         Total |     71 |     71 |      0 |      0 |      0 |   1 |   71.0 |
         Abyss |     71 |     71 |      0 |      0 |      0 |   1 |   71.0 |
               +--------+--------+--------+--------+--------+-----+--------+

Top non-repeatable levels by time:
 Abyss:1: 71 daAuts
